 Dungeon Crawl Stone Soup version 0.30-a0-58-gc0703345a7 (webtiles) character file.

Game seed: 636462016687833061

48 MisterAzrael the Magician (level 4, -1/33 HPs)
             Began as a Djinni Conjurer on Sept 12, 2022.
             Killed from afar by Sigmund (7 damage)
             ... with a magic dart
             ... on level 2 of the Dungeon.
             The game lasted 00:04:07 (2226 turns).

MisterAzrael the Magician (Djinni Conjurer)         Turns: 2226, Time: 00:04:07

Health: -1/33      AC:  3    Str:  8    XL:     4   Next: 0%
Gold:   100        EV: 12    Int: 19    God:
                   SH:  0    Dex: 12

rFire   + + +      SeeInvis .    (no weapon)
rCold   + . .      Faith    .    (no shield)
rNeg    . . .      Spirit   .    a - +0 robe
rPois   ∞          Reflect  .    d - +0 helmet
rElec   +          Harm     .    (no cloak)
rCorr   +          Rampage  .    (no gloves)
Will    .....                    (boots unavailable)
Stlth   ++........               (no amulet)
HPRegen 0.11/turn                m - ring of protection from cold
MPRegen 0.00/turn                (no ring)

@: resistant, flying
A: sickness immunity, fire resistance 2, cold vulnerability 1, float, innate
caster, HP casting, extra vitality 1
a: no special abilities


You were on level 2 of the Dungeon.
You visited 1 branch of the dungeon, and saw 2 of its levels.

You collected 100 gold pieces.

Inventory:

Armour
 a - a +0 robe (worn)
 d - a +0 helmet (worn)
Magical Staves
 f - a staff of fire
Jewellery
 m - a ring of protection from cold (left hand)
Scrolls
 g - a scroll of enchant weapon
 h - a scroll of identify
 i - a scroll of enchant armour {unknown}
Potions
 c - a potion of berserk rage {unknown}
 e - a potion of resistance
 j - a potion of brilliance {unknown}
 k - a potion of curing {unknown}
 l - a potion of mutation {unknown}
 n - a potion of magic {unknown}


   Skills:
 + Level 1.9 Fighting
 - Level 2.3 Dodging
 - Level 1.7 Stealth
 + Level 3.7 Spellcasting


You couldn't memorise any spells.
You knew the following spells:

 Your Spells              Type           Power      Damage    Failure   Level
a - Magic Dart            Conj           68%        1d6       3%          1
b - Searing Ray           Conj           34%        2d5       4%          2
c - Dazzling Flash        Conj/Hex       34%        N/A       9%          3
d - Fulminant Prism       Conj/Hex       8%         3d7       30%         4
e - Iskenderun's Mystic   Conj/Tloc      17%        2d5       30%         4
f - Necrotise             Necr           68%        1d7       3%          1
Your spell library was empty.

Dungeon Overview and Level Annotations

Branches:
Dungeon (2/15)

Altars:

Annotations:
D:2 Sigmund


Innate Abilities, Weirdness & Mutations

You are immune to sickness and miasma.
You are immune to poison.
Your flesh is very heat resistant. (rF++)
You are vulnerable to cold. (rC-)
You float through the air rather than walking.
You learn spells naturally, not from books.
Your magical power is your life essence.
You have superior vitality. (+4 MHP)


Message History

You have reached level 4!
You feel agile.
Your rat skeleton bites Sigmund but does no damage.
Sigmund is nearby!
Sigmund is nearby!
Sigmund is nearby!
Sigmund screams, "Die, monster!"
Sigmund hits your rat skeleton with a +0 scythe!
Your rat skeleton is destroyed!
Sigmund hits you from afar with a +0 scythe!
Sigmund mumbles some strange words.
Sigmund flickers and vanishes!
It was a potion of resistance.
You feel protected.
As you read the scroll labelled SUTOLA VIUTZAH, it crumbles to dust.
It is a scroll of identify.
g - a scroll of enchant weapon Something hits you.
Casting: Necrotise (safe; 3% risk of failure)
Confirm with . or Enter, or press ? or * to list all spells.
Okay, then.
Casting: Necrotise (safe; 3% risk of failure)
Confirm with . or Enter, or press ? or * to list all spells.
The spell is extremely dangerous to miscast (30% risk of failure)!
Continue anyway?
Uppercase [Y]es or [N]o only, please.
The spell is extremely dangerous to miscast (30% risk of failure)!
Continue anyway?
You erupt in a blast of force!
The mystic blast hits something.
You hear a shout!
Casting: Iskenderun's Mystic Blast (extremely dangerous; 30% risk of failure)
Confirm with . or Enter, or press ? or * to list all spells.
The spell is extremely dangerous to miscast (30% risk of failure)!
Continue anyway?
You erupt in a blast of force!
A hobgoblin comes into view.
The hobgoblin shouts!
You see here a fizzy yellow potion.
Something hits you.
* * * LOW HITPOINT WARNING * * *
A magic dart appears from out of thin air!
The magic dart hits you!
You die...

..........#####
..............#
.........####..#
................
..........######
..........#
..........#######
............#...########
..#.........!...@......#
####............######'###
# ####.......{.#...##...#
##.........#.#..###.#
...........#.##.'...#
###.###....#...)#####
###...#.###.###..##
#.#...#.'.##.##.#
...#...#.###'###.#


There were no monsters in sight!

Vanquished Creatures
  3 dart slugs (D:1)
  7 endoplasms
  4 giant cockroaches
  5 hobgoblins
  2 jackals (D:2)
  A quokka (D:2)
  5 ball pythons
  4 bats
  2 frilled lizards (D:1)
  A kobold (D:1)
  5 rats
39 creatures vanquished.

Notes
Turn   | Place    | Note
-------+----------+-------------------------------------------
     0 | D:1      | MisterAzrael the Djinni Conjurer began the quest for the
                  | Orb.
     0 | D:1      | MisterAzrael set off with the following spells memorised:
                  | Magic Dart, Searing Ray, Dazzling Flash, Fulminant Prism,
                  | Iskenderun's Mystic Blast.
     0 | D:1      | Reached XP level 1. HP: 15/15 MP: 0/0
   231 | D:1      | Reached XP level 2. HP: 17/21 MP: 0/0
   555 | D:1      | Reached skill level 1 in Fighting
   942 | D:1      | Reached XP level 3. HP: 24/27 MP: 0/0
   942 | D:1      | Learned a level 1 spell: Necrotise
  1265 | D:2      | Noticed Sigmund
  2209 | D:2      | Reached XP level 4. HP: 31/33 MP: 0/0
  2226 | D:2      | Killed from afar by Sigmund

Illustrated notes

Levels and vault maps discovered:
D:1:      enne_arrival_octagon_isle, layout_basic
D:2:      minmay_chambers_of_ones, layout_rooms, minmay_indecisive_spiral,
          uniq_sigmund

Skill      XL: |  1  2 |
---------------+-------+-----
Fighting       | 1 |  1.9
Dodging        | |  2.3
Stealth        | |  1.7
Spellcasting   | |  3.7

Action                   |  1- 3 |  4- 6 || total
-------------------------+-------+-------++-------
 Cast: Magic Dart        |    31 |       ||    31
       Necrotise         |    40 |       ||    40
       Iskenderun's Myst |       |     2 ||     2
  Use: Scroll            |     2 |     1 ||     3
       Potion            |       |     1 ||     1
Armor: Robe              |     3 |       ||     3
Dodge: Dodged            |     7 |       ||     7

Table legend: (Time is in decaauts)
 A = Elapsed time spent in this place.
 B = Non-inter-level travel time spent in this place.
 C = Inter-level travel time spent in this place.
 D = Time resting spent in this place.
 E = Time spent auto-exploring this place.
 F = Levels seen in this place.
 G = Mean time per level.
                   A        B        C        D        E       F      G
               +--------+--------+--------+--------+--------+-----+--------+
         Total |   2226 |   2196 |     30 |    288 |   1460 |   2 | 1113.0 |
       Dungeon |   2226 |   2196 |     30 |    288 |   1460 |   2 | 1113.0 |
               +--------+--------+--------+--------+--------+-----+--------+

Top non-repeatable levels by time:
     D:1: 1351 daAuts
     D:2: 875 daAuts
